 Dungeon Crawl Stone Soup version 0.26-a0-259-g1effd001a9 (webtiles) character file.

Game seed: 5757307762127586891

2601 vurker the Cleaver (level 9, -2/63 HPs)
             Began as a Human Fighter on July 11, 2020.
             Was a Priest of Hepliaklqana.
             Slain by a wight
             ... wielding a cursed +2 scimitar
              (11 damage)
             ... on level 9 of the Dungeon.
             The game lasted 00:09:17 (6810 turns).

vurker the Cleaver (Human Fighter)                  Turns: 6810, Time: 00:09:18

Health: -2/63      AC:  8    Str: 19      XL:     9   Next: 90%
Magic:  21/21      EV:  7    Int:  8      God:    Hepliaklqana [***...]
Gold:   207        SH: 10    Dex: 13 (14) Spells: 8/8 levels left

rFire    . . .     SeeInvis .   u - +4 war axe
rCold    . . .     Faith    .   c - +0 kite shield
rNeg     . . .     Spirit   .   b - +0 scale mail
rPois    .         Reflect  .   J - +0 helmet
rElec    .         Harm     .   (no cloak)
rCorr    .                      m - +0 pair of gloves
MR       .....                  (no boots)
Stlth    ..........             o - amulet of regeneration
HPRegen  0.60/turn              y - ring of flight
MPRegen  0.17/turn              z - ring of magical power

@: slowed, heavily drained, very slow
A: reduced essence
a: Recall Ancestor, Ancestor Identity, Transference, Renounce Religion, Evoke
Flight


You were on level 9 of the Dungeon.
You worshipped Hepliaklqana.
Hepliaklqana was most pleased with you.
You were not hungry.

You visited 2 branches of the dungeon, and saw 12 of its levels.
You also visited: Sewer.

You collected 417 gold pieces.
You spent 210 gold pieces at shops.

Inventory:

Hand Weapons
 u - a +4 war axe (weapon)
   (You took it off an orc on level 2 of the Dungeon)
Armour
 b - a +0 scale mail (worn)
 c - a +0 kite shield (worn)
 m - a +0 pair of gloves (worn)
   (You found it on level 1 of the Dungeon)
 J - a +0 helmet (worn)
   (You found it on level 8 of the Dungeon)
Jewellery
 o - an amulet of regeneration (around neck)
   (You found it on level 1 of the Dungeon)
 y - a ring of flight (left hand)
   (You found it on level 3 of the Dungeon)
 z - a ring of magical power (right hand)
   (You found it on level 4 of the Dungeon)
 I - an uncursed ring of ice
   (You found it on level 6 of the Dungeon)
Wands
 r - a wand of polymorph (4)
   (You took it off Terence on level 2 of the Dungeon)
 t - a wand of flame (14)
   (You found it on level 8 of the Dungeon)
Scrolls
 g - 9 scrolls of identify {unknown}
 h - 6 scrolls of teleportation {unknown}
 i - 2 scrolls of random uselessness {unknown}
 j - a scroll of vulnerability {unknown}
 k - 2 scrolls of magic mapping {unknown}
 n - 2 scrolls of enchant weapon {unknown}
 p - 3 scrolls of enchant armour {unknown}
 q - 2 scrolls of blinking {unknown}
 v - 3 scrolls of remove curse {unknown}
 x - a scroll of fog {unknown}
 F - 5 scrolls of amnesia {unknown}
 G - a scroll of acquirement {unknown}
Potions
 a - 2 potions of ambrosia {unknown}
 d - 3 potions of might
 f - 6 potions of curing
 l - a potion of berserk rage {unknown}
 s - 5 potions of brilliance {unknown}
 w - 4 potions of cancellation
 A - 3 potions of heal wounds {unknown}
 B - 5 potions of flight {unknown}
 C - 2 potions of stabbing {unknown}
 D - a potion of invisibility {unknown}
 E - a potion of magic {unknown}
 H - a potion of haste
Comestibles
 e - 32 rations


   Skills:
 + Level 6.7(5.2) Fighting
 * Level 8.8(7.2) Axes
 - Level 3.0(1.6) Armour
 + Level 6.6(5.1) Shields
 + Level 4.5(3.1) Invocations


You had 8 spell levels left.
You didn't know any spells.
Your spell library contained the following spells:

 Spells                   Type           Power        Failure   Level
 Animate Skeleton         Necr           #.....       99%         1
 Pain                     Necr           #...         99%         1
 Sandblast                Erth           #.....       99%         1
 Passwall                 Tmut/Erth      #.......     100%        2
 Stone Arrow              Conj/Erth      #.....       100%        3
 Vampiric Draining        Necr           #.........   100%        3
 Animate Dead             Necr           #.........   100%        4
 Petrify                  Tmut/Erth      #.......     100%        4
 Agony                    Necr           #.......     100%        5
 Lee's Rapid Deconstruct  Erth           #.........   100%        5


Dungeon Overview and Level Annotations

Branches:
Dungeon (11/15)            Temple (1/1) D:4           Sewer (visited)
   Lair: D:8-11         Orc: D:9-12

Altars:
Ashenzari
Cheibriados
Dithmenos
Elyvilon
Fedhas
Hepliaklqana
Kikubaaqudgha
Makhleb
Nemelex Xobeh
Okawaru
Qazlal
Ru
Sif Muna
Trog
Uskayaw
Vehumet
Wu Jian
Xom
Yredelemnul
Zin
The Shining One

Shops:
D:6 !

Annotations:
D:8 3 runed translucent doors, XanderDroid's ghost, novice GrEE


Message History

The wight barely misses you.
You slash the wight!
A bullfrog comes into view.
You block the wight's attack.
The bullfrog moves out of view.
You hit the wight.
Your shield and scale mail prevent you from hitting the wight.
You block the wight's attack. x2; The wight hits you with a +4 hand axe.
The wight hits you with a cursed +2 scimitar!
You feel drained.
You slash the wight!
You destroy the wight!
You hit the wight. You completely miss the wight.
You hit the wight but do no damage.
The wight hits you with a +0 great sword.
The bullfrog gives a loud, deep croak!
You hit the wight. You closely miss the wight. You hit the wight.
The wight hits you with a +4 hand axe.
You feel drained. The wight barely misses you. You block the wight's attack.
The wight hits you with a cursed +2 scimitar.
The wight hits you but does no damage.
You closely miss the wight. You hit the wight. x2
You hit the wight but do no damage. The wight barely misses you.
You block the wight's attack.
The wight hits you but does no damage. x2
You hit the wight but do no damage. You slash the wight!
You hit the wight but do no damage. You hit the wight.
You block the wight's attack.
The wight hits you with a cursed +2 morningstar.
The wight hits you with a +4 hand axe.
You feel drained. The wight closely misses you. The bullfrog hits you.
The wight barely misses you. The wight hits you with a +4 hand axe.
* * * LOW HITPOINT WARNING * * *
The wight hits you with a +0 great sword.
* * * LOW HITPOINT WARNING * * *
Unknown command.
You slash the bullfrog!
Your shield prevents you from hitting the wight.
You barely miss the wight. You hit the wight. You slash the wight!
You block the bullfrog's attack.
The wight hits you with a cursed +2 scimitar!
* * * LOW HITPOINT WARNING * * *
You feel drained.
* * * LOW HITPOINT WARNING * * *
You block the bullfrog's attack. You block the wight's attack.
The wight hits you with a cursed +2 morningstar.
* * * LOW HITPOINT WARNING * * *
You feel drained.
* * * LOW HITPOINT WARNING * * *
The wight barely misses you.
The wight hits you with a cursed +2 scimitar!
You die...

.............
............
...........#
.........#
........+
#......#
#.zz...#
#.z@z..#
#.F....###+#..
#.............
#.....>.......
#....#########
#....# ......#
.......#
.......#


You could see a bullfrog and 4 wights.

Vanquished Creatures
  A hippogriff (D:7)
  A wraith (D:10)
  An orc warrior (D:7)
  A sky beast (D:7)
  A necrophage (D:7)
  2 bullfrogs
  A scorpion (D:6)
  3 wights
  3 howler monkeys
  A quasit (D:10)
  A jelly (D:6)
  An orc priest (D:3)
  2 orc wizards (D:3)
  Natasha (thrice) (D:2)
  Terence (D:2)
  4 worker ants
  5 adders
  4 gnolls (D:6)
  8 river rats
  A shadow imp (D:6)
  A white imp (D:7)
  2 ufetubi
  2 oozes
  An adder skeleton (D:7)
  2 worms
  2 dart slugs
  6 leopard geckos
  17 orcs
  4 bats
  4 giant cockroaches
  5 goblins
  9 hobgoblins
  8 jackals
  19 kobolds
  3 quokkas
  7 ball pythons
  3 frilled lizards
  A quokka skeleton (D:7)
  A quokka zombie (D:6)
  23 rats
165 creatures vanquished.

Vanquished Creatures (collateral kills)
  A wyvern (D:8)
  An orc warrior (D:7)
  An ice beast (D:5)
  An ogre (D:7)
  Blork the orc (D:5)
  A scorpion (D:8)
  2 wights (D:8)
  A howler monkey (D:7)
  A jelly (D:8)
  An orc priest (D:7)
  A hound (D:8)
  2 iguanas
  An orc wizard (D:7)
  3 worker ants
  A hound skeleton (D:7)
  2 gnolls (D:6)
  A shadow imp (D:8)
  3 orcs
25 creatures vanquished.

Vanquished Creatures (others)
  A battlemage (D:7)
  An adder skeleton (D:6)
  A leopard gecko (D:6)
  2 fungi (D:8)
  2 plants (D:8)
7 creatures vanquished.

Grand Total: 197 creatures vanquished

Notes
Turn   | Place    | Note
-------+----------+-------------------------------------------
     0 | D:1      | vurker the Human Fighter began the quest for the Orb.
     0 | D:1      | Reached XP level 1. HP: 18/18 MP: 1/1
   242 | D:1      | Reached XP level 2. HP: 24/24 MP: 2/2
   788 | D:2      | Reached XP level 3. HP: 28/29 MP: 3/3
  1034 | D:2      | Noticed Terence
  1042 | D:2      | Killed Terence
  1042 | D:2      | Reached skill level 3 in Axes
  1042 | D:2      | Reached XP level 4. HP: 30/35 MP: 4/4
  1425 | D:3      | Noticed Natasha
  1579 | D:2      | Killed Natasha
  1579 | D:2      | Reached XP level 5. HP: 3/42 MP: 5/5
  1681 | D:2      | Noticed Natasha
  1694 | D:2      | Killed Natasha
  1983 | D:2      | Noticed Natasha
  1988 | D:2      | Killed Natasha
  1988 | D:2      | Reached skill level 4 in Axes
  2116 | D:3      | Reached XP level 6. HP: 26/48 MP: 6/6
  2900 | D:4      | Found a staircase to the Ecumenical Temple.
  2987 | D:4      | Found a glowing drain.
  3002 | Sewer    | Entered a sewer
  3080 | Sewer    | Reached skill level 5 in Axes
  3105 | Sewer    | Reached XP level 7. HP: 55/55 MP: 7/7
  3589 | Temple   | Entered the Ecumenical Temple
  3596 | Temple   | Became a worshipper of Hepliaklqana the Forgotten
  3946 | D:5      | Entered Level 5 of the Dungeon
  3946 | D:5      | Noticed Blork the orc
  3951 | D:5      | Killed Blork the orc
  4350 | D:5      | Reached * piety under Hepliaklqana
  4394 | D:5      | Reached skill level 6 in Axes
  4551 | D:6      | Reached skill level 5 in Fighting
  4554 | D:6      | Reached skill level 5 in Shields
  4570 | D:6      | Found a radiant altar of Vehumet.
  4592 | D:6      | Reached XP level 8. HP: 50/55 MP: 8/8
  4850 | D:6      | Reached skill level 1 in Invocations
  5032 | D:6      | Found Fiuna's Distillery.
  5104 | D:6      | Bought a potion of curing for 30 gold pieces
  5104 | D:6      | Bought a potion of haste for 100 gold pieces
  5104 | D:6      | Bought a potion of cancellation for 80 gold pieces
  5218 | D:7      | Noticed a hippogriff
  5227 | D:7      | Killed a hippogriff
  5227 | D:7      | Reached skill level 7 in Axes
  5454 | D:7      | Reached XP level 9. HP: 14/62 MP: 11/11
  5550 | D:7      | Reached ** piety under Hepliaklqana
  5556 | D:7      | Remembered your ancestor Ramose as a battlemage
  5723 | D:7      | Reached skill level 8 in Axes
  6380 | D:8      | Found a glowing silver altar of Zin.
  6383 | D:8      | Found a snail-covered altar of Cheibriados.
  6466 | D:8      | Found a runed translucent gate.
  6467 | D:8      | Found a runed translucent gate.
  6468 | D:8      | Found a runed translucent gate.
  6469 | D:8      | Noticed XanderDroid's ghost (novice GrEE)
  6481 | D:8      | Noticed a kobold demonologist
  6662 | D:8      | You fall into a shaft and drop 3 floors!
  6671 | D:10     | Entered Level 10 of the Dungeon
  6723 | D:10     | Reached *** piety under Hepliaklqana
  6810 | D:9      | Slain by a wight

Illustrated notes

Levels and vault maps discovered:
D:1:      lemuel_arrival_room, layout_basic, dk_noncrumbling_4
D:2:      layout_basic, uniq_terence
D:3:      cheibrodos_pilgrimage, layout_rooms, uniq_natasha
D:4:      layout_loops_cross, temple_pool_b, first_ration, portal_sewer_entry_e,
          solitary_fountain
D:5:      layout_loops_ring, uniq_blork_the_orc
D:6:      layout_basic, fiery_altar_vehumet, serial_shops, nicolae_shop_trees
D:7:      layout_layer_cave
D:8:      layout_basic, grunt_temple_overflow_open,
          gammafunk_ghost_nasty_kobolds
D:9:      layout_irregular_city, marbit_many_paths, lair_entry_dummy,
          grunt_ogre_cave
D:10:     layout_long_grid, erik_orc_1, ebering_ghost_gozag, uniq_nergalle
D:11:     layout_long_grid, gauntlet_entry_generic, minmay_misc_feat_plants,
          minmay_fountain_box, minmay_unpleasant_kobolds
Temple:   nicolae_temple_no_exploring_needed

Skill      XL: |  1  2  3  4  5  6  7  8  9 |
---------------+----------------------------+-----
Axes           | 3 4 5 6 7 8 |  8.8
Fighting       | 4 5 6 |  6.7
Shields        | 4 5 6 |  6.6
Invocations    | 2 4 |  4.5
Armour         | |  3.0

Action                   |  1- 3 |  4- 6 |  7- 9 || total
-------------------------+-------+-------+-------++-------
Melee: War axe           |    61 |   140 |   236 ||   437
Invok: Ancestor Life: Ba |       |       |     1 ||     1
 Stab: Distracted        |       |       |     3 ||     3
  Eat: Ration            |       |     2 |     4 ||     6
Armor: Scale mail        |    28 |    65 |    94 ||   187
Dodge: Dodged            |    14 |    40 |    69 ||   123
Block: Kite shield       |    33 |    70 |   137 ||   240

Table legend:
 A = Non-vault XP
 B = Vault XP
 C = Vault XP percentage of total XP
 D = Non-vault monster count
 E = Vault monster count
 F = Vault count percentage of total count
                 A         B        C        D         E       F
            +---------+---------+-------+---------+---------+-------
      Total |    3301 |     415 |  11.2 |     125 |      65 |  34.2
            +---------+---------+-------+---------+---------+-------
        D:1 |      23 |       0 |   0.0 |      11 |       0 |   0.0
        D:2 |     101 |      73 |  42.0 |      15 |       2 |  11.8
        D:3 |     144 |      56 |  28.0 |      25 |       6 |  19.4
        D:4 |      16 |      26 |  61.9 |       8 |       8 |  50.0
        D:5 |     254 |      87 |  25.5 |       4 |       1 |  20.0
        D:6 |     407 |       0 |   0.0 |      20 |       0 |   0.0
        D:7 |    1273 |       0 |   0.0 |      24 |       0 |   0.0
        D:8 |     782 |       0 |   0.0 |      15 |       0 |   0.0
        D:9 |      57 |       0 |   0.0 |       1 |       0 |   0.0
       D:10 |     244 |       0 |   0.0 |       2 |       0 |   0.0
      Sewer |       0 |     173 | 100.0 |       0 |      48 | 100.0
            +---------+---------+-------+---------+---------+-------
